 Dungeon Crawl Stone Soup version 0.17-a0-2007-g96ac4c4 (webtiles) character file.

67 Ordine the Skirmisher (level 4, 0/33 HPs)
             Began as an Octopode Fighter on Oct 9, 2015.
             Slain by a gnoll
             ... wielding a +0 spear of freezing
              (2 damage)
             ... on level 2 of the Dungeon.
             The game lasted 00:02:49 (1543 turns).

Ordine the Skirmisher (Octopode Fighter)            Turns: 1543, Time: 00:02:50

Health: 0/33       AC:  1    Str: 15    XL:     4   Next: 18%
Magic:  4/4        EV: 10    Int: 10    God:
Gold:   49         SH:  8    Dex: 12    Spells: 0 memorised, 3 levels left

rFire  . . .     SeeInvis .     a - +0 long sword
rCold  . . .     Clarity  .     b - +0 shield
rNeg   . . .     SustAt   .     (helmet restricted)
rPois  .         Gourm    .     (no amulet)
rElec  .         Spirit   .     (no ring)
rCorr  .         Warding  .     (no ring)
rMut   .         Stasis   .     (no ring)
MR     .....                    (no ring)
Stlth  ++........               (no ring)
                                (no ring)
                                (no ring)
                                (no ring)

@: not resistant to hostile enchantments, unstealthy
A: almost no armour, amphibious, 8 rings, constrict 8, camouflage 1, gelatinous
body 1
a: no special abilities


You were on level 2 of the Dungeon.
You were not hungry.

You visited 1 branch of the dungeon, and saw 2 of its levels.

You collected 49 gold pieces.

Inventory:

Hand Weapons
 a - a +0 long sword (weapon)
Missiles
 h - 5 poisoned needles
Armour
 b - a +0 shield (worn)
Scrolls
 k - a scroll of enchant weapon {unknown}
 l - a scroll of fear {unknown}
 m - 4 scrolls of identify {unknown}
 o - a scroll of remove curse {unknown}
Potions
 c - a potion of might
 e - 2 potions of agility {unknown}
 g - 2 potions of flight {unknown}
 i - 2 potions of curing {unknown}
 n - a potion of poison {unknown}
 q - a potion of degeneration {unknown}
 r - a potion of haste {unknown}
Comestibles
 d - 2 bread rations
 f - a meat ration
 j - a beef jerky
 p - 2 chunks of flesh
 s - a royal jelly


   Skills:
 + Level 3.9 Fighting
 + Level 3.4 Long Blades
 - Level 3.0 Dodging
 - Level 3.0 Shields


You had 3 spell levels left.
You didn't know any spells.

Dungeon Overview and Level Annotations

Branches:
Dungeon (2/15)

Altars:
The Shining One


Innate Abilities, Weirdness & Mutations

You cannot wear most types of armour.
You are amphibious.
You can wear up to eight rings at the same time.
You can use your tentacles to constrict eight enemies at once.
Your skin changes colour to match your surroundings (Stealth).
Your rubbery body absorbs attacks (AC +1).


Message History

Your squeeze misses the gnoll. The gnoll hits you with a club.
The gnoll hits you from afar with a spear!
* * * LOW HITPOINT WARNING * * *
You are too injured to fight recklessly!
You are too injured to fight recklessly!
You are too injured to fight recklessly!
Drink which item? (? for menu, Esc to quit)
Okay, then.
You closely miss the gnoll. Your grab misses the gnoll.
The gnoll closely misses you. You block the gnoll's attack.
You closely miss the gnoll. Your grab misses the gnoll. You squeeze the gnoll.
The gnoll is moderately wounded.
The gnoll barely misses you. x2
You hit the gnoll. Your grab misses the gnoll.
The gnoll is moderately wounded.
The gnoll closely misses you.
The gnoll hits you from afar with a spear of freezing.
* * * LOW HITPOINT WARNING * * *
The gnoll freezes you.
You die...

#####.#### ...##.#
......# .[.##.#
#####.# #. ##.## #.
#)..# #. #.#.# #.
########.+ #...####.#
#.@ggg...#
##.......###.######.#
#.######.......# ###
#.######.##.##.# ..#
#.....##.##.# # #.#
####........# #.####
##.##.#### .....#
####.# #.##.### #..


You could see 3 gnolls.

Vanquished Creatures
  2 adders (D:2)
  A gnoll (D:1)
  An ooze (D:1)
  A worm (D:2)
  A giant gecko (D:1)
  2 giant cockroaches (D:1)
  4 goblins
  4 hobgoblins (D:1)
  3 jackals (D:2)
  A quokka (D:2)
  A bat (D:2)
  A giant newt (D:2)
  5 kobolds
  5 rats
32 creatures vanquished.

Notes
Turn   | Place    | Note
--------------------------------------------------------------
     0 | D:1      | Ordine the Octopode Fighter began the quest for the Orb.
     0 | D:1      | Reached XP level 1. HP: 16/16 MP: 1/1
   231 | D:1      | Reached XP level 2. HP: 15/21 MP: 2/2
   421 | D:1      | Reached XP level 3. HP: 26/26 MP: 3/3
   975 | D:2      | Found a glowing golden altar of the Shining One.
  1386 | D:2      | Reached XP level 4. HP: 30/33 MP: 4/4
  1543 | D:2      | Slain by a gnoll

Vault maps used:
D:1:      lemuel_arrival_cross
D:2:      lemuel_doored_altar, lemuel_statue_altar

Action                   |  1- 3 |  4- 6 || total
-------------------------+-------+-------++-------
Melee: Long sword        |    53 |    16 ||    69
 Stab: Sleeping          |     6 |     2 ||     8
  Eat: Chunk             |     1 |     1 ||     2
